 Dungeon Sprint DCSS version 0.31-a0-832-g3a2c1c66ba (webtiles) character file.

Game seed: 14254613541030964751

14 Conn the Firebug (level 2, -9/25 HPs)
             Began as an Octopode Fire Elementalist on Sept 24, 2023.
             Was a Follower of Sif Muna.
             Mangled by a flying skull (12 damage)
             ... in the Dungeon (Sprint VII: "The Pits").
             The game lasted 00:01:12 (184 turns).

Conn the Firebug (Octopode Fire Elementalist)        Turns: 184, Time: 00:01:13

Health: -9/25      AC:  1    Str:  7    XL:     2   Next: 45%
Magic:  5/6        EV: 13    Int: 17    God:    Sif Muna [*.....]
Gold:   0          SH:  0    Dex: 12    Spells: 4/7 levels left

rFire   . . .        e - +2 dagger
rCold   . . .        (no shield)
rNeg    . . .        (helmet restricted)
rPois   .            (no amulet)
rElec   .            (no ring)
rCorr   .            (no ring)
SInv    .            (no ring)
Will    .....        (no ring) Stlth
                     (no ring)
HPRegen 0.24/turn    (no ring)
MPRegen 0.10/turn    (no ring)
                     (no ring)

%: no teleportation
@: berserking, very quick
A: almost no armour, amphibious, 8 rings, camouflage 1, gelatinous body 1,
(nimble swimmer 1), tentacles
a: Renounce Religion, Channel Magic


You were in the Dungeon.
You worshipped Sif Muna.
Sif Muna was aware of your devotion.
You visited 1 branch

Inventory:

Hand Weapons
 e - a +2 dagger (weapon)
Scrolls
 f - a scroll of blinking
 i - 2 scrolls of vulnerability
 j - 5 scrolls of amnesia
 k - a scroll of summoning
Potions
 a - 5 potions of magic
 b - a potion of curing
 c - a potion of heal wounds
 d - a potion of haste
 g - a potion of berserk rage
 h - 2 potions of invisibility


   Skills:
 + Level 2.4 Dodging
 + Level 3.2 Stealth
 * Level 3.2 Spellcasting
 * Level 1.3 Conjurations
 + Level 4.3 Fire Magic


You had 4 spell levels left.
You knew the following spells:

 Your Spells              Type           Power      Damage    Failure   Level
a - Foxfire               Conj/Fire      48%        2x1d6     5%          1
b - Scorch                Fire           34%        2d6       4%          2

Your spell library contained the following spells:

 Spells                   Type           Power      Damage    Failure   Level
 Inner Flame              Hex/Fire       10%        N/A       22%         3
 Volatile Blastmotes      Fire/Tloc      20%        2d11      22%         3
 Flame Wave               Conj/Fire      12%        2d6       47%         4


Dungeon Overview and Level Annotations

Branches:
Dungeon (1/1)

Altars:
Ashenzari
Cheibriados
Dithmenos
Elyvilon
Fedhas
Gozag
Hepliaklqana
Kikubaaqudgha
Makhleb
Nemelex Xobeh
Okawaru
Qazlal
Ru
Sif Muna
Trog
Uskayaw
Vehumet
Wu Jian
Xom
Yredelemnul
Zin
The Shining One
Jiyva
Lugonu


Innate Abilities, Weirdness & Mutations

You cannot wear most types of armour.
You are amphibious.
You can wear up to eight rings at the same time.
Your skin changes colour to match your surroundings (Stealth+).
Your rubbery body absorbs attacks. (AC +1, EV +1)
((You are camouflaged when in or above water. (Stealth+)))
You have tentacles for arms and can constrict up to eight enemies at once.


Message History

Confirm with . or Enter, or press ? or * to list all spells.
Okay, then.
Unknown command.
Unknown command.
A red film seems to cover your vision as you go berserk!
You feel yourself moving faster!
You feel mighty!
A rat comes into view.
The flying skull barely misses you.
You barely miss the flying skull. Your grab misses the flying skull.
Your squeeze misses the flying skull. The flying skull hits you!
You puncture the flying skull! Your grab misses the flying skull.
The flying skull is severely damaged.
The flying skull hits you!
* * * LOW HITPOINT WARNING * * *
Unknown command.
You miss the flying skull. You grab the flying skull.
You squeeze the flying skull.
The flying skull is severely damaged.
You constrict the flying skull, but do no damage.
The flying skull closely misses you.
You hit the flying skull but do no damage.
The flying skull is severely damaged.
You constrict the flying skull, but do no damage.
The flying skull misses you.
You hit the flying skull but do no damage.
The flying skull is severely damaged.
You constrict the flying skull, but do no damage.
The flying skull barely misses you.
An orc comes into view. It is wielding a +0 short sword.
You closely miss the flying skull. Your squeeze misses the flying skull.
The flying skull is severely damaged.
You constrict the flying skull, but do no damage.
The flying skull hits you.
* * * LOW HITPOINT WARNING * * *
Unknown command.
You hit the flying skull. You squeeze the flying skull.
The flying skull is almost destroyed.
You constrict the flying skull, but do no damage.
The flying skull hits you!
You die...

#..(.')))'.##......#..#
##########.##..........
#...........'..........
+#####†#####......#..#
#..)..# #..........
#.....# ####'#####+
###'### #.......#
#.....# #.......#
#...@.# #.......#
####z## #...<...#


hhr #.......# ....o #.......# ####### #.......# ######### You could see a flying
skull, an orc, 2 jackals and a rat.

Vanquished Creatures
  A river rat (D)
  An orc (D)
  A hobgoblin (D)
  2 bats (D)
5 creatures vanquished.

Vanquished Creatures (others)
  12 foxfires (D)
12 creatures vanquished.

Grand Total: 17 creatures vanquished

Notes
Turn   | Place    | Note
-------+----------+-------------------------------------------
     0 | D        | Conn the Octopode Fire Elementalist began the quest for the
                  | Orb.
     0 | D        | Reached XP level 1. HP: 11/11 MP: 3/3
    33 | D        | Reached skill level 4 in Fire Magic
    33 | D        | Reached XP level 2. HP: 17/17 MP: 0/5
   108 | D        | Found a bloodstained altar of Trog.
   108 | D        | Found a shimmering blue altar of Sif Muna.
   108 | D        | Found a viscous altar of Jiyva.
   108 | D        | Found a hazy altar of Hepliaklqana.
   108 | D        | Found an opulent altar of Gozag.
   109 | D        | Found a glowing golden altar of the Shining One.
   109 | D        | Found a glowing silver altar of Zin.
   109 | D        | Found a basalt altar of Yredelemnul.
   109 | D        | Found a shimmering altar of Xom.
   109 | D        | Found an ornate altar of the Wu Jian Council.
   109 | D        | Found a sacrificial altar of Ru.
   109 | D        | Found a stormy altar of Qazlal.
   109 | D        | Found an iron altar of Okawaru.
   109 | D        | Found a sparkling altar of Nemelex Xobeh.
   109 | D        | Found a burning altar of Makhleb.
   109 | D        | Found a blossoming altar of Fedhas.
   109 | D        | Found a white marble altar of Elyvilon.
   109 | D        | Found a shadowy altar of Dithmenos.
   109 | D        | Found a snail-covered altar of Cheibriados.
   110 | D        | Found a radiant altar of Vehumet.
   110 | D        | Found a corrupted altar of Lugonu.
   111 | D        | Found an ancient bone altar of Kikubaaqudgha.
   111 | D        | Found a hide-covered altar of Uskayaw.
   111 | D        | Found a broken altar of Ashenzari.
   112 | D        | Became a worshipper of Sif Muna the Loreminder
   122 | D        | Learned a level 2 spell: Scorch
   164 | D        | Reached * piety under Sif Muna
   175 | D        | Noticed a flying skull
   184 | D        | Mangled by a flying skull

Illustrated notes

Levels and vault maps discovered:
D:        pitsprint [storerooms_1, entrance_room_1, metal_vault_2, armoury_3,
          mini_pit_1, grid_room_1, main_hall_1, silver_pit, the_coven_1,
          the_vestibule_1, steel_vault_4, golden_pit, hallway_of_sentries,
          crystal_vault_2, iron_vault_5, final_vault]

Skill      XL: |  1  2 |
---------------+-------+-----
Stealth        | 3 |  3.2
Fire Magic     | 4 |  4.3
Spellcasting   | 3 |  3.2
Dodging        | |  2.4
Conjurations   | |  1.3

Action                     || total
---------------------------++-------
  Melee: Unarmed           ||     1
         Dagger            ||     9
         Tentacles         ||     2
         Constrict         ||     1
   Cast: Foxfire           ||     6
         Scorch            ||     1
    Use: Potion            ||     2
   Stab: Sleeping          ||     1
 Armour: Skin              ||     4
  Dodge: Dodged            ||     7

Table legend: (Time is in decaauts)
 A = Elapsed time spent in this place.
 B = Non-inter-level travel time spent in this place.
 C = Inter-level travel time spent in this place.
 D = Time resting spent in this place.
 E = Time spent auto-exploring this place.
 F = Levels seen in this place.
 G = Mean time per level.
                   A        B        C        D        E       F      G
               +--------+--------+--------+--------+--------+-----+--------+
         Total |    188 |    188 |      0 |     65 |      0 |   1 |  188.0 |
       Dungeon |    188 |    188 |      0 |     65 |      0 |   1 |  188.0 |
               +--------+--------+--------+--------+--------+-----+--------+

Top non-repeatable levels by time:
       D: 188 daAuts
